 Dungeon Sprint DCSS version 0.21.1-1-g345015f (webtiles) character file.

4600000 joklet the Envenomancer (level 26, -3/193 HPs)
             Began as a Gargoyle Venom Mage on Mar 12, 2018.
             Was the Champion of Makhleb.
             Slain by a destroyer
             ... wielding a +9 great sword of slicing
              (22 damage)
             ... in the Dungeon (Sprint VIII: "Arena of Blood").
             The game lasted 00:01:46 (46 turns).

joklet the Envenomancer (Gargoyle Venom Mage)         Turns: 46, Time: 00:01:47

Health: -3/193     AC: 24    Str: 15    XL:     26   Next: 10%
Magic:  13/54      EV: 34    Int: 17    God:    Makhleb [******]
Gold:   0          SH:  0    Dex: 18    Spells: 78/79 levels left

rFire    . . .     SeeInvis .   j - +∞ Axe of Woe
rCold    . . .     Gourm    .   (shield currently unavailable)
rNeg     + . .     Faith    .   a - +0 robe
rPois    ∞         Spirit   .   (no helmet)
rElec    +         Reflect  .   (no cloak)
rCorr    .         Harm     .   (no gloves)
MR       +....     NoTele   +   (no boots)
Stlth    +++++++++.             (no amulet)
HPRegen  0.42/turn              (no ring)
MPRegen  0.34/turn              (no ring)

@: no status effects
A: big wings, negative energy resistance 1, electricity resistance, unbreathing,
petrification resistance, rot immunity, AC +20
a: Fly, Minor Destruction, Lesser Servant of Makhleb, Major Destruction, Greater
Servant of Makhleb, Renounce Religion


You were in the Dungeon.
You worshipped Makhleb.
Makhleb was exalted by your worship.
You were not hungry.

You visited 1 branch

Inventory:

Hand Weapons
 j - the +∞ Axe of Woe (weapon)
   (You found it in the Dungeon)
Armour
 a - a +0 robe (worn)
Scrolls
 i - a scroll of blinking
Potions
 d - a potion of curing
 e - a potion of heal wounds
 f - a potion of haste
 g - 2 potions of magic
 h - a potion of berserk rage
Books
 b - a Young Poisoner's Handbook

   Spells                             Type                      Level
   a - Sting                          Conjuration/Poison           1
   b - Poisonous Vapours              Poison/Air                   2
   c - Mephitic Cloud                 Conjuration/Poison/Air       3
   d - Olgreb's Toxic Radiance        Poison                       4
   e - Venom Bolt                     Conjuration/Poison           5
Comestibles
 c - a ration


   Skills:
 O Level 27 Fighting
 O Level 27 Axes
 O Level 27 Throwing
 O Level 27 Armour
 O Level 27 Dodging
 O Level 27 Stealth
 O Level 27 Unarmed Combat
 O Level 27 Spellcasting
 O Level 27 Conjurations
 O Level 27 Poison Magic
 O Level 27 Invocations


You had 78 spell levels left.
You knew the following spells:

 Your Spells              Type           Power        Failure   Level  Hunger
a - Sting                 Conj/Pois      ####         0%          1    None


Dungeon Overview and Level Annotations

Branches:
Dungeon (1/1)

Altars:
Makhleb


Innate Abilities, Weirdness & Mutations

You are resistant to torment.
Your stone body is resilient. (AC +20)
You are immune to poison.
Your large and strong wings let you fly indefinitely.
You resist negative energy. (rN+)
You are resistant to electric shocks. (rElec)
You can survive without breathing.
You are immune to petrification.
You are immune to rotting.


Message History

You cleave the sculptor of flesh in twain.
You destroy the sculptor of flesh!
Makhleb accepts your kill.
You have reached level 26!
You slash the large abomination!
You pulverise the large abomination into a thin bloody mist.
You destroy the large abomination!
Makhleb accepts your kill.
You hear a shout! x2
The meat berserker is engulfed in blazing flames.
The destroyer blinks!
You hear a shout!
The tyrant mumbles some strange words.
You hear a shout! x2
Unknown command.
You hear a shout!
The destroyer hits you with a +9 great sword of slicing!!!!!
Ouch! That really hurt!
* * * LOW HITPOINT WARNING * * *
You die...

#.... ... .....
.. .....## #.# ##
........ .. ...
###.....##.##...
................
.......V..#.#.X.
........@)...X..
#.....O§...XL...
.#...x§xx.......
.....§))oXX...X.
......)))..o....
...z.#x.).O..#..
.....#)x)....# O
...###)))....###.
........###......


You could see a tyrant, a destroyer, a sculptor of flesh, a large bag of meat
(inner flame), 6 large abominations, 2 meat berserkers, 5 small abominations and
2 bags of meat.

Vanquished Creatures
  2 vampire knights (D)
  6 ogres (D)
  A two-headed ogre (D)
  A hydra (D)
  41 orcs (D)
  A skeletal warrior (D)
  A large abomination (D)
  A small abomination (D)
  3 crawling corpses (D)
57 creatures vanquished.

Notes
Turn   | Place    | Note
-------+----------+-------------------------------------------
     0 | D        | Found the +∞ Axe of Woe
     0 | D        | joklet the Gargoyle Venom Mage began the quest for the Orb.
     0 | D        | Reached XP level 1. HP: 10/10 MP: 3/3
     3 | D        | Noticed a bag of meat
     4 | D        | Became a worshipper of Makhleb the Destroyer
     5 | D        | Noticed a bag of meat
     6 | D        | Noticed a bag of meat
     6 | D        | Noticed a bag of meat
     7 | D        | Noticed a bag of meat
     7 | D        | Noticed a bag of meat
     8 | D        | Noticed a bag of meat
    10 | D        | Noticed a meat berserker
    10 | D        | Killed a bag of meat
    10 | D        | Reached XP level 2. HP: 15/15 MP: 3/15
    10 | D        | Reached XP level 3. HP: 19/19 MP: 3/16
    10 | D        | Reached XP level 4. HP: 24/24 MP: 3/18
    10 | D        | Reached XP level 5. HP: 28/28 MP: 3/19
    10 | D        | Reached XP level 6. HP: 32/32 MP: 3/21
    10 | D        | Reached XP level 7. HP: 36/36 MP: 3/22
    10 | D        | Reached XP level 8. HP: 41/41 MP: 3/24
    10 | D        | Reached XP level 9. HP: 45/45 MP: 3/25
    10 | D        | Reached XP level 10. HP: 50/50 MP: 3/26
    10 | D        | Reached XP level 11. HP: 54/54 MP: 3/27
    10 | D        | Reached XP level 12. HP: 59/59 MP: 3/28
    10 | D        | Noticed a bag of meat
    11 | D        | Noticed a bag of meat
    11 | D        | Noticed a bag of meat
    11 | D        | Noticed a bag of meat
    11 | D        | Killed a bag of meat
    11 | D        | Reached * piety under Makhleb
    11 | D        | Reached skill level 10 in Dodging
    11 | D        | Reached skill level 5 in Conjurations
    11 | D        | Reached XP level 13. HP: 78/78 MP: 3/30
    11 | D        | Noticed a bag of meat
    12 | D        | Noticed a bag of meat
    12 | D        | Noticed a bag of meat
    12 | D        | Noticed a bag of meat
    12 | D        | Noticed a bag of meat
    12 | D        | Noticed a bag of meat
    12 | D        | Killed a bag of meat
    12 | D        | Reached skill level 10 in Fighting
    12 | D        | Reached skill level 10 in Invocations
    12 | D        | Gained mutation: Your large and strong wings let you fly indefinitely. [Gargoyle growth]
    12 | D        | Reached XP level 14. HP: 88/88 MP: 3/32
    12 | D        | Killed a bag of meat
    12 | D        | Reached skill level 10 in Axes
    12 | D        | Killed a bag of meat
    12 | D        | Reached ** piety under Makhleb
    12 | D        | Reached skill level 15 in Spellcasting
    12 | D        | Reached XP level 15. HP: 100/100 MP: 3/34
    12 | D        | Killed a meat berserker
    12 | D        | Reached skill level 15 in Invocations
    12 | D        | Reached XP level 16. HP: 111/111 MP: 3/36
    13 | D        | Noticed a meat berserker
    13 | D        | Reached *** piety under Makhleb
    13 | D        | Reached skill level 15 in Axes
    13 | D        | Reached skill level 15 in Stealth
    13 | D        | Reached skill level 27 in Poison Magic
    13 | D        | Reached XP level 17. HP: 122/122 MP: 4/39
    15 | D        | Noticed a meat berserker
    15 | D        | Reached **** piety under Makhleb
    15 | D        | Reached XP level 18. HP: 134/134 MP: 4/41
    15 | D        | Reached skill level 15 in Dodging
    16 | D        | Killed a meat berserker
    16 | D        | Reached ***** piety under Makhleb
    16 | D        | Reached XP level 19. HP: 145/145 MP: 5/43
    17 | D        | Reached skill level 27 in Fighting
    17 | D        | Reached skill level 27 in Axes
    17 | D        | Reached skill level 27 in Invocations
    17 | D        | Reached XP level 20. HP: 157/157 MP: 5/46
    17 | D        | Reached skill level 10 in Conjurations
    17 | D        | Killed a meat berserker
    18 | D        | Reached ****** piety under Makhleb
    18 | D        | Reached skill level 27 in Spellcasting
    18 | D        | Reached XP level 21. HP: 163/163 MP: 5/52
    20 | D        | Noticed a meat berserker
    20 | D        | Reached skill level 27 in Stealth
    21 | D        | Reached skill level 27 in Dodging
    21 | D        | Reached XP level 22. HP: 169/169 MP: 6/53
    22 | D        | Noticed a large bag of meat
    23 | D        | Noticed a destroyer
    23 | D        | Reached skill level 27 in Conjurations
    24 | D        | Killed a destroyer
    24 | D        | Reached skill level 15 in Unarmed Combat
    24 | D        | Reached XP level 23. HP: 175/175 MP: 7/54
    30 | D        | Killed a large bag of meat
    30 | D        | Reached skill level 27 in Armour
    30 | D        | Reached XP level 24. HP: 181/181 MP: 9/54
    31 | D        | Reached skill level 27 in Unarmed Combat
    32 | D        | Reached skill level 27 in Throwing
    35 | D        | Reached XP level 25. HP: 187/187 MP: 10/54
    38 | D        | Noticed a destroyer
    39 | D        | Noticed a large bag of meat
    41 | D        | Noticed a destroyer
    44 | D        | Noticed a tyrant
    45 | D        | Killed a destroyer
    45 | D        | Reached XP level 26. HP: 193/193 MP: 13/54
    46 | D        | Slain by a destroyer

Skill      XL: |  1  2  3  4  5  6  7  8  9 10 11 12 13 14 15 16 17 18 19 20 21 22 23 24 |
---------------+-------------------------------------------------------------------------+-----
Axes           | 4 7 9 11 13 16 19 23 27 | 27.0
Dodging        | 9 10 12 13 14 16 18 22 27 | 27.0
Stealth        | 11 12 13 14 15 17 18 21 26 27 | 27.0
Spellcasting   | 12 13 14 15 16 18 19 20 22 27 | 27.0
Conjurations   | 4 5 6 7 8 9 11 23 27 | 27.0
Poison Magic   | 20 21 22 24 26 27 | 27.0
Fighting       | 7 10 14 16 19 22 24 27 | 27.0
Invocations    | 7 10 13 15 19 21 24 27 | 27.0
Throwing       | 17 24 27 | 27.0
Armour         | 19 27 | 27.0
Unarmed Combat | 18 25 27 | 27.0

Action                   |  1- 3 |  4- 6 |  7- 9 | 10-12 | 13-15 | 16-18 | 19-21 | 22-24 | 25-27 || total
-------------------------+-------+-------+-------+-------+-------+-------+-------+-------+-------++-------
Melee: Executioner's axe |     1 |       |       |     1 |     1 |     3 |     4 |     7 |     6 ||    23
Armor: Robe              |       |       |       |       |       |       |       |     1 |       ||     1
Dodge: Dodged            |       |       |       |     1 |       |     1 |       |     1 |       ||     3
